 Dungeon Sprint DCSS version 0.28.0-45-g0d030f2227 (webtiles) character file.

Game seed: 12660538956825150896

2011 Zeld the Cleaver (level 9, -13/89 HPs)
             Began as a Minotaur Berserker on Apr 24, 2022.
             Was an Elder of Trog.
             Mangled by Tivac the pandemonium lord (16 damage)
             ... in the Dungeon (Sprint V: "Ziggurat Sprint").
             The game lasted 00:02:16 (762 turns).

Zeld the Cleaver (Minotaur Berserker)                Turns: 762, Time: 00:02:16

Health: -13/89     AC: 28    Str: 33    XL:     9   Next: 2%
Magic:  8/8        EV:  5    Int:  4    God:    Trog [****..]
Gold:   0          SH: 18    Dex: 10    Spells: 8/8 levels left

rFire   + . .      SeeInvis +   y - +14 obsidian axe {vorpal, Mesm Drain Fly SInv}
rCold   . . .      Faith    .   j - +3 tower shield
rNeg    . . .      Spirit   .   i - +5 crystal plate armour
rPois   .          Reflect  .   (helmet restricted)
rElec   .          Harm     .   (no cloak)
rCorr   .          Rampage  ∞   (no gloves)
Will    ++...      NoTele   +   a - +3 pair of seven-league boots {Rampage+∞}
Stlth   ..........              (no amulet)
HPRegen 1.24/turn               b - ring of Mixiam {rF+ Str+7}
MPRegen 0.11/turn               (no ring)

@: strong-willed, flying, mesmerised, regenerating
A: horns 2, retaliatory headbutt
a: Renounce Religion, Berserk, Trog's Hand, Brothers in Arms


You were in the Dungeon.
You worshipped Trog.
Trog was greatly pleased with you.
You visited 1 branch

Inventory:

Hand Weapons
 y - the +14 obsidian axe (weapon) {vorpal, Mesm Drain Fly SInv}
   (You found it in the Dungeon)

   It inflicts extra damage upon your enemies.
   It occasionally summons demons to assist the wielder when it strikes in
   combat.
   Its wielder is mesmerised by any visible foes.
   It cannot be unequipped while any foes are visible.
   SInv:      It lets you see invisible.
   Fly:       It grants you flight.
   Drain:     It drains your maximum health when unequipped.
Armour
 a - the +3 pair of seven-league boots (worn) {Rampage+∞}
   (You found it in the Dungeon)

   Its wearer moves as far as possible in that direction when moving towards
   enemies.
 i - a +5 crystal plate armour (worn)
 j - a +3 tower shield (worn)
Jewellery
 b - the ring of Mixiam (left hand) {rF+ Str+7}
   (You found it in the Dungeon)

   [ring of protection from fire]

   Str:       It affects your strength (+7).
   rF:        It protects you from fire.
Wands
 s - a wand of mindburst (7)
 t - a wand of iceblast (7)
 u - a wand of acid (7)
Scrolls
 h - 4 scrolls of blinking
 m - a scroll of brand weapon
 o - 7 scrolls of fog
 p - a scroll of holy word
 q - 5 scrolls of identify
 r - 2 scrolls of fear
Potions
 c - 10 potions of curing
 d - 8 potions of heal wounds
 e - 6 potions of haste
 f - 7 potions of magic
 g - 3 potions of berserk rage
 k - 2 potions of invisibility
 l - 4 potions of resistance
 n - 5 potions of might
Miscellaneous
 x - a lightning rod (4/4)


   Skills:
 * Level 11.6 Fighting
 * Level 11.6 Axes
 + Level 8.1 Armour
 + Level 7.4 Dodging
 * Level 10.9 Shields
 * Level 8.4 Evocations


You had 8 spell levels left.
You didn't know any spells.
Your spell library was empty.

Dungeon Overview and Level Annotations

Branches:
Dungeon (1/1)

Altars:
Ashenzari
Cheibriados
Dithmenos
Elyvilon
Fedhas
Gozag
Hepliaklqana
Kikubaaqudgha
Makhleb
Nemelex Xobeh
Okawaru
Qazlal
Ru
Sif Muna
Trog
Uskayaw
Vehumet
Wu Jian
Xom
Yredelemnul
Zin
The Shining One
Beogh
Jiyva
Lugonu

Annotations:
D 1 transporter


Innate Abilities, Weirdness & Mutations

You have a pair of horns on your head.
You reflexively headbutt those who attack you in melee.


Message History

You block the sixfirhy's attack.
The shadow imp hits you but does no damage.
Your hellwing closely misses Tivac.
Your hellwing hits Tivac! Tivac gestures at you.
The bolt of lightning hits you. The bolt of lightning hits you!!
* * * LOW HITPOINT WARNING * * *
The bolt of lightning hits Tivac.
Tivac resists.
You feel much better.
Visions of slaying the shadow imp flood into your mind.
You block the sixfirhy's attack. x3; Tivac hits you!!
* * * LOW HITPOINT WARNING * * *
The sixfirhy hits you.
* * * LOW HITPOINT WARNING * * *
The sixfirhy shocks you!
* * * LOW HITPOINT WARNING * * *
The shadow imp hits you but does no damage.
Your hellwing hits Tivac. x2; Tivac hits your hellwing!!!
Unknown command.
You feel much better.
Visions of slaying Tivac flood into your mind.
You block the sixfirhy's attack. The sixfirhy closely misses you.
You block Tivac's attack. The shadow imp barely misses you.
Your hellwing closely misses Tivac. x2; Tivac hits you!
* * * LOW HITPOINT WARNING * * *
Unknown command.
Unknown command.
You barely miss Tivac. You headbutt Tivac.
Tivac is lightly wounded.
You slash the sixfirhy! You closely miss the shadow imp. Tivac hits you.
* * * LOW HITPOINT WARNING * * *
You block the shadow imp's attack. You block Tivac's attack.
Your hellwing hits Tivac! Your hellwing hits Tivac.
Unknown command.
Unknown command.
Your skin crawls.
You feel strong-willed. Trog will no longer gift you weapons.
Visions of slaying the shadow imp flood into your mind.
Tivac hits you!
You die...

▓...†.▓.....▓..©..▓
▓..©..▓..©..▓▓▓▓▓▓▓
▓▓▓▓▓▓▓▓▓▓▓▓▓▓▓▓▓▓▓
▓..8©8...▓..8©8...▓
▓...)....▓..|)[...▓
▓...|....▓..}.)...▓
▓...†....▓........▓
▓........▓..5&3...▓
▓.▓....▓.▓.▓4@..▓.▓
▓...©....▓...©....▓
▓▓▓▓▓▓▓▓▓▓▓▓▓▓▓▓▓▓▓


You could see Tivac (fast, ally target), a sixfirhy (summoned), a shadow imp
(mesmerising) and a friendly hellwing (summoned, strong).

Vanquished Creatures
  A black draconian (D)
  2 draconians (D)
  A hell hound (D)
  A water moccasin (D)
  A wolf (D)
  An iron imp (D)
  2 adders (D)
  A shadow imp (D)
  A white imp (D)
  A ball python (D)
  A giant cockroach zombie (D)
  A jackal zombie (D)
14 creatures vanquished.

Vanquished Creatures (collateral kills)
  A spriggan (D)
1 creature vanquished.

Vanquished Creatures (others)
  A crimson imp (D)
1 creature vanquished.

Grand Total: 16 creatures vanquished

Notes
Turn   | Place    | Note
-------+----------+-------------------------------------------
     0 | D        | Zeld the Minotaur Berserker began the quest for the Orb.
     0 | D        | Reached XP level 1. HP: 19/19 MP: 0/0
     3 | D        | Found a blossoming altar of Fedhas.
     3 | D        | Found the +6 Majin-Bo {vamp, MP+6 Int+6}
     3 | D        | Found the +9 heavy crossbow "Sniper" {vorpal, Acc+∞ SInv}
     3 | D        | Found the +10 dark maul {vorpal}
     3 | D        | Found the +15 Maxwell's patent armour {-Cast -Tele rElec
                  | Will+ rCorr}
     3 | D        | Found the +18 shield of the Gong {rElec rN+ Will+ EV-5}
     3 | D        | Found the +14 obsidian axe {vorpal, Mesm Drain Fly SInv}
     3 | D        | Found the +7 great mace "Firestarter" {inner flame, rF++}
     3 | D        | Found the +6 shillelagh "Devastator" {shatter}
     3 | D        | Found the +11 plutonium sword {Contam Stlth-}
     3 | D        | Found the +8 lance "Wyrmbane" {slay drac, rPois rF+ rC+
                  | AC+3}
     3 | D        | Found the +9 sword of Zonguldrok {reap}
     3 | D        | Found the +13 scythe of Curses {drain, Drain}
     3 | D        | Found the +5 sword of Power {vorpal}
     3 | D        | Found the +7 mace of Variability {chain chaos}
     3 | D        | Found the +7 Singing Sword {vorpal, sonic wave}
     3 | D        | Found the +8 storm bow {elec, penet}
     4 | D        | Banished a spatial maelstrom
     7 | D        | Found a shimmering blue altar of Sif Muna.
     7 | D        | Found a sacrificial altar of Ru.
     7 | D        | Found a bloodstained altar of Trog.
     7 | D        | Found a stormy altar of Qazlal.
     7 | D        | Found an iron altar of Okawaru.
     7 | D        | Found a sparkling altar of Nemelex Xobeh.
     9 | D        | Found a transporter.
     9 | D        | Found an ancient bone altar of Kikubaaqudgha.
     9 | D        | Found a viscous altar of Jiyva.
     9 | D        | Found a corrupted altar of Lugonu.
     9 | D        | Found a hazy altar of Hepliaklqana.
     9 | D        | Found a burning altar of Makhleb.
     9 | D        | Found an opulent altar of Gozag.
   111 | D        | Reached skill level 5 in Fighting
   111 | D        | Reached skill level 5 in Axes
   111 | D        | Reached XP level 2. HP: 29/29 MP: 1/1
   263 | D        | Entered arena 2.
   263 | D        | Noticed a wolf
   263 | D        | Noticed a spriggan
   263 | D        | Found a transporter.
   265 | D        | Killed a wolf
   266 | D        | Reached skill level 5 in Shields
   266 | D        | Reached XP level 3. HP: 36/38 MP: 2/2
   266 | D        | Reached XP level 4. HP: 43/45 MP: 3/3
   268 | D        | Killed a spriggan
   269 | D        | Reached skill level 5 in Armour
   269 | D        | Reached skill level 5 in Evocations
   269 | D        | Reached XP level 5. HP: 37/53 MP: 4/4
   361 | D        | Entered arena 3.
   361 | D        | Found the +12 glaive of Prune {vorpal}
   361 | D        | Noticed a draconian
   361 | D        | Noticed a black draconian
   361 | D        | Noticed a draconian
   361 | D        | Found a transporter.
   367 | D        | Killed a draconian
   367 | D        | Reached ** piety under Trog
   367 | D        | HP: 1/79 [draconian/+0 club (8)]
   368 | D        | Reached skill level 5 in Dodging
   368 | D        | Reached XP level 6. HP: 1/63 MP: 5/5
   368 | D        | Reached XP level 7. HP: 1/70 MP: 6/6
   370 | D        | Killed a black draconian
   370 | D        | Killed a draconian
   371 | D        | Reached skill level 10 in Shields
   371 | D        | Reached XP level 8. HP: 2/82 MP: 7/7
   622 | D        | Got the ring of Mixiam {rF+ Str+7}
   713 | D        | Entered arena 4.
   713 | D        | Found a transporter.
   716 | D        | Reached *** piety under Trog
   731 | D        | Entered arena 5.
   731 | D        | Found the +3 pair of seven-league boots {Rampage+∞}
   731 | D        | Found a transporter.
   736 | D        | Reached **** piety under Trog
   738 | D        | Reached XP level 9. HP: 86/89 MP: 8/8
   753 | D        | Entered arena 6.
   753 | D        | Noticed Tivac the pandemonium lord
   753 | D        | Found a transporter.
   755 | D        | Noticed a sixfirhy
   755 | D        | Noticed an orange demon
   758 | D        | Reached ***** piety under Trog
   759 | D        | HP: 1/89 [sixfirhy[Tivac] (9)]
   762 | D        | Mangled by Tivac the pandemonium lord

Illustrated notes

Levels and vault maps discovered:
D:        sprint_v [room_start, room_1, room_2, room_3, room_4, room_5, room_6,
          room_7, room_8, room_9, room_10, room_11, room_12, room_13, room_14,
          room_15, room_16, room_17, room_18, room_19, room_20, room_21,
          room_22, room_23, room_24, room_25, room_26, room_27]

Skill      XL: |  1  2  3  4  5  6  7  8 |
---------------+-------------------------+-----
Fighting       | 5 6 7 9 11 | 11.6
Axes           | 5 6 7 9 11 | 11.6
Armour         | 3 4 5 6 7 8 |  8.1
Dodging        | 3 4 5 7 |  7.4
Shields        | 3 5 6 8 10 | 10.9
Evocations     | 2 3 5 6 8 |  8.4

Action                   |  1- 3 |  4- 6 |  7- 9 || total
-------------------------+-------+-------+-------++-------
Melee: Broad axe         |     2 |     6 |    15 ||    23
       Headbutt          |       |       |     1 ||     1
Invok: Berserk           |       |     1 |       ||     1
       Trog's Hand       |       |       |     1 ||     1
  Use: Potion            |     1 |       |     2 ||     3
Armor: Crystal plate arm |     4 |     2 |    15 ||    21
Dodge: Dodged            |     1 |     1 |     5 ||     7
Block: Tower shield      |     1 |     5 |    23 ||    29
